Bruins vs Islanders

Created - Saturday, October 24, 2015 at 00:10

Goals
1 2 3 T
Bruins 0 0 1 1
Islanders 2 0 2 4
Shots
1 2 3 T
Bruins 5 7 13 25
Islanders 10 8 10 28

1st period

1. Islanders , Erik Karlsson 6 (Jamie Benn, David Krejci) at 4:20 (PP)
2. Islanders , David Krejci 1 (Jamie Benn, Brandon Pirri) at 12:18 (PP)

Penalties :
Brenden Dillon (Bos) for Interference (Minor) at 4:10, Brenden Dillon (Bos) for Tripping (Minor) at 7:32, Shea Weber (Bos) for Holding (Minor) at 10:26, Zemgus Girgensons (Bos) for Roughing (Double Minor) at 19:28

2nd period

No Goal

Penalties :
Dalton Prout (NYI) for Tripping (Minor) at 8:30

3rd period

3. Islanders , Frans Nielsen 1 (Dalton Prout, Brandon Pirri) at 0:59
4. Islanders , Brandon Pirri 5 (Erik Karlsson, Mirco Mueller) at 7:20 (PP)
5. Bruins , Joe Pavelski 10 (Shea Weber, T.J. Oshie) at 8:55 (PP)

Penalties :
T.J. Oshie (Bos) for Tripping (Minor) at 6:49, Kevin Klein (NYI) for Holding (Minor) at 7:49, Carl Hagelin (NYI) for Diving (Minor) at 9:09, Erik Karlsson (NYI) for High sticking (Minor) at 12:15

Goalie Stats

Cam Talbot (Bos), 24 saves from 28 shots - (0.857), L, 1-2-0, 60:00 minutes
Braden Holtby (NYI), 24 saves from 25 shots - (0.960), W, 6-1-0, 60:00 minutes

Players Stats for Bruins

Player Name              G  A  P  +/- PIM S  H  SB GA TA FO     MP     PP MP  PK MP  
------------------------------------------------------------------------------------
Anton Lander             0  0  0   0  0   2  0  0  1  0  0/2    13:26   1:06   2:14 
Anze Kopitar             0  0  0   0  0   2  1  2  3  0  11/20  17:59   3:08   1:14 
Brenden Dillon           0  0  0   0  4   1  0  3  0  1  0/0    15:53   0:00   1:09 
Brent Seabrook           0  0  0   0  0   1  1  0  0  1  0/0    27:25   5:23   6:56 
Claude Giroux            0  0  0  -1  0   3  4  0  0  3  7/22   17:42   3:55   0:00 
Jeff Petry               0  0  0   0  0   0  1  4  0  0  0/0    16:20   0:00   1:34 
Jim Slater               0  0  0   0  0   1  0  0  0  1  1/1     8:54   0:00   1:54 
Joe Pavelski             1  0  1  -1  0   2  3  0  2  0  1/1    19:29   5:20   0:00 
Jonas Brodin             0  0  0  -1  0   0  0  2  0  1  0/0    20:50   0:35   6:56 
Marian Hossa             0  0  0  -1  0   0  0  1  0  1  0/0    17:42   3:55   0:00 
Matt Duchene             0  0  0   0  0   0  1  0  3  0  3/4    12:26   2:17   0:00 
Matt Hendricks           0  0  0   0  0   1  1  1  0  1  0/0    14:00   0:00   5:46 
Nate Guenin              0  0  0   0  0   0  0  0  0  1  0/0     4:48   0:00   0:00 
Nick Holden              0  0  0  -1  0   0  0  1  0  0  0/0    10:04   0:00   0:25 
Shea Weber               0  1  1   0  2   3  1  3  1  3  0/0    22:48   6:28   0:00 
T.J. Oshie               0  1  1   0  2   3  1  0  1  0  0/0    17:16   3:08   0:25 
Tommy Wingels            0  0  0   0  0   3  3  0  1  1  0/1    17:35   0:00   1:54 
Zemgus Girgensons        0  0  0   0  4   3  1  0  1  1  1/7    16:43   0:00   3:33 

Players Stats for Islanders

Player Name              G  A  P  +/- PIM S  H  SB GA TA FO     MP     PP MP  PK MP  
------------------------------------------------------------------------------------
Brandon Pirri            1  2  3   1  0   3  0  1  0  0  1/2    16:01   4:49   0:00 
Carl Hagelin             0  0  0   0  2   2  1  2  0  0  0/1    18:44   3:41   0:00 
Craig Adams              0  0  0   0  0   0  2  0  0  0  0/0    13:04   0:00   5:26 
Dalton Prout             0  1  1   1  2   3  2  1  0  1  0/0    19:50   0:00   4:10 
David Booth              0  0  0   0  0   1  0  0  0  0  0/0    12:25   0:00   1:05 
David Krejci             1  1  2   0  0   3  1  1  3  0  12/19  19:33   4:49   0:58 
Dustin Brown             0  0  0   0  0   1  1  0  4  0  0/0    10:33   0:00   0:00 
Erik Karlsson            1  1  2   0  2   5  2  2  2  1  0/0    28:17   7:12   0:00 
Frans Nielsen            1  0  1   1  0   2  0  1  0  1  8/19   16:45   0:00   5:33 
Jamie Benn               0  2  2   0  0   2  3  0  2  0  2/2    20:26   4:49   0:32 
Kevin Klein              0  0  0   0  2   3  2  4  0  1  0/0    23:07   1:13   4:05 
Lauri Korpikoski         0  0  0   0  0   0  0  0  2  0  1/1     7:14   0:00   0:00 
Marcel Goc               0  0  0   0  0   0  1  0  1  1  7/8    12:25   0:00   0:32 
Mirco Mueller            0  1  1   1  0   1  0  1  0  0  0/0    22:23   5:49   2:04 
Olli Maatta              0  0  0   0  0   0  0  0  0  0  0/0     3:14   0:54   0:00 
Patrik Berglund          0  0  0   0  0   0  1  0  1  0  2/5    11:16   3:41   0:00 
Travis Hamonic           0  0  0   0  0   0  2  0  0  2  0/0    21:57   1:52   3:47 
Tyler Ennis              0  0  0   1  0   2  1  0  1  0  1/1    15:34   3:41   0:00 

3 Stars

1 - Brandon Pirri (NYI)
2 - Braden Holtby (NYI)
3 - David Krejci (NYI)

Power Play

Bruins - 1 on 4 Attempt(s) - 25.00%
Islanders - 3 on 6 Attempt(s) - 50.00%

Penalty Kill

Bruins - 3 on 6 Attempt(s) - 50.00% - Score 0 goal in Penalty Kill
Islanders - 3 on 4 Attempt(s) - 75.00% - Score 0 goal in Penalty Kill

Team Stat

Bruins - Hits : 18 - Faceoff Wins : 24 - Blocked Shots : 17 - Penalty Minutes : 12
Islanders - Hits : 19 - Faceoff Wins : 34 - Blocked Shots : 13 - Penalty Minutes : 8

Official

Referees : Unknown
Linesman : Unknown

Game Notes

Olli Maatta is injured at 8:17 of 1st period (Right Leg)

Finance

Level 1 -- Attendance: 4421 (73.68%) -- Ticket Income $442,100
Level 2 -- Attendance: 3340 (66.80%) -- Ticket Income $217,100
Level 3 -- Attendance: 1260 (63.00%) -- Ticket Income $56,700
Level 4 -- Attendance: 2520 (63.00%) -- Ticket Income $75,600
Luxury Box -- Attendance: 713 (71.30%) -- Ticket Income $142,600
Game was played at the Nassau Coliseum.
Total Attendance: 12254 (68.08%)
Total Ticket Income: $934,100
Other Income: $457,709
Total Income: $1,391,809

Bruins

5 vs 5 Forward 
   Center                   Left Wing                Right Wing               Time % Phy DF OF 
 1 Claude Giroux            Joe Pavelski             Marian Hossa             35     1   2  2  
 2 Anze Kopitar             Zemgus Girgensons        T.J. Oshie               30     1   2  2  
 3 Matt Duchene             Anton Lander             Tommy Wingels            22     1   2  2  
 4 Jim Slater               Matt Hendricks           Tommy Wingels            13     1   2  2  

5 vs 5 Defense 
   Defense                  Defense                                           Time % Phy DF OF 
 1 Shea Weber               Brent Seabrook                                    40     1   2  2  
 2 Jeff Petry               Brenden Dillon                                    30     1   2  2  
 3 Jonas Brodin             Nick Holden                                       20     1   2  2  
 4 Nate Guenin              Jonas Brodin                                      10     1   2  2  

PowerPlay Forward 
   Center                   Left Wing                Right Wing               Time % Phy DF OF 
 1 Claude Giroux            Joe Pavelski             Marian Hossa             60     1   0  4  
 2 Anze Kopitar             Joe Pavelski             T.J. Oshie               40     1   0  4  

PowerPlay Defense
   Defense                  Defense                                           Time % Phy DF OF 
 1 Shea Weber               Brent Seabrook                                    60     1   1  3  
 2 Shea Weber               Matt Duchene                                      40     1   1  3  

Penalty Kill 4 Players Forward 
   Center                   Wing                     Time % Phy DF OF 
 1 Zemgus Girgensons        Matt Hendricks           60     1   3  1  
 2 Jim Slater               Tommy Wingels            40     1   3  1  

Penalty Kill 4 Players Defense
   Defense                  Defense                  Time % Phy DF OF 
 1 Jonas Brodin             Brent Seabrook           60     1   4  0  
 2 Jeff Petry               Brenden Dillon           40     1   4  0  

Penalty Kill - 3 Players Forward 
   Forward                                           Time % Phy DF OF 
 1 Zemgus Girgensons                                 60     1   4  0  
 2 Matt Hendricks                                    40     1   4  0  

Penalty Kill - 3 Players Defense
   Defense                  Defense                  Time % Phy DF OF 
 1 Jonas Brodin             Brent Seabrook           60     1   4  0  
 2 Jeff Petry               Brenden Dillon           40     1   4  0  

4 vs 4 Forward 
   Center                   Wing                     Time % Phy DF OF 
 1 Claude Giroux            Joe Pavelski             60     1   2  2  
 2 Anze Kopitar             Marian Hossa             40     1   2  2  

4 vs 4 Defense
   Defense                  Defense                  Time % Phy DF OF 
 1 Shea Weber               Brent Seabrook           60     1   2  2  
 2 Jeff Petry               Brenden Dillon           40     1   2  2  

Last Minutes Offensive
   Center                   Left Wing                Right Wing               Defense                  Defense                  
   Joe Pavelski             T.J. Oshie               Marian Hossa             Shea Weber               Brent Seabrook           

Last Minutes Defensive
   Center                   Left Wing                Right Wing               Defense                  Defense                  
   Joe Pavelski             T.J. Oshie               Marian Hossa             Shea Weber               Brent Seabrook           

Goaltenders
Starting : Cam Talbot               
Backup : Semyon Varlamov          

Extra Forwards
Normal : Matt Duchene, Tommy Wingels, Matt Hendricks - PP : Matt Duchene, Anton Lander - PK : Anton Lander
Extra Defensemen
Normal : Jonas Brodin, Nick Holden, Nate Guenin - PP : Jonas Brodin - PK : Nick Holden, Nate Guenin
Penalty Shots
T.J. Oshie, Matt Duchene, Joe Pavelski, Matt Hendricks, Brent Seabrook

Islanders

5 vs 5 Forward 
   Center                   Left Wing                Right Wing               Time % Phy DF OF 
 1 David Krejci             Jamie Benn               Carl Hagelin             35     1   2  2  
 2 Frans Nielsen            Brandon Pirri            Tyler Ennis              30     1   2  2  
 3 Marcel Goc               Dustin Brown             David Booth              22     1   2  2  
 4 Patrik Berglund          Craig Adams              Lauri Korpikoski         13     1   2  2  

5 vs 5 Defense 
   Defense                  Defense                                           Time % Phy DF OF 
 1 Erik Karlsson            Kevin Klein                                       35     1   2  2  
 2 Olli Maatta              Travis Hamonic                                    30     1   2  2  
 3 Mirco Mueller            Dalton Prout                                      22     1   2  2  
 4 Erik Karlsson            Dalton Prout                                      13     1   2  2  

PowerPlay Forward 
   Center                   Left Wing                Right Wing               Time % Phy DF OF 
 1 David Krejci             Jamie Benn               Brandon Pirri            60     1   2  2  
 2 Tyler Ennis              Carl Hagelin             Patrik Berglund          40     1   2  2  

PowerPlay Defense
   Defense                  Defense                                           Time % Phy DF OF 
 1 Erik Karlsson            Olli Maatta                                       60     1   2  2  
 2 Erik Karlsson            Travis Hamonic                                    40     1   2  2  

Penalty Kill 4 Players Forward 
   Center                   Wing                     Time % Phy DF OF 
 1 Frans Nielsen            Craig Adams              60     1   2  2  
 2 Jamie Benn               Marcel Goc               40     1   2  2  

Penalty Kill 4 Players Defense
   Defense                  Defense                  Time % Phy DF OF 
 1 Kevin Klein              Olli Maatta              50     1   2  2  
 2 Dalton Prout             Travis Hamonic           50     1   2  2  

Penalty Kill - 3 Players Forward 
   Forward                                           Time % Phy DF OF 
 1 Craig Adams                                       60     1   2  2  
 2 Brandon Pirri                                     40     1   2  2  

Penalty Kill - 3 Players Defense
   Defense                  Defense                  Time % Phy DF OF 
 1 Olli Maatta              Kevin Klein              50     1   2  2  
 2 Dalton Prout             Travis Hamonic           50     1   2  2  

4 vs 4 Forward 
   Center                   Wing                     Time % Phy DF OF 
 1 David Krejci             Jamie Benn               60     1   2  2  
 2 Frans Nielsen            Brandon Pirri            40     1   2  2  

4 vs 4 Defense
   Defense                  Defense                  Time % Phy DF OF 
 1 Erik Karlsson            Kevin Klein              60     1   2  2  
 2 Travis Hamonic           Olli Maatta              40     1   2  2  

Last Minutes Offensive
   Center                   Left Wing                Right Wing               Defense                  Defense                  
   David Krejci             Jamie Benn               Brandon Pirri            Erik Karlsson            Olli Maatta              

Last Minutes Defensive
   Center                   Left Wing                Right Wing               Defense                  Defense                  
   David Booth              Marcel Goc               Craig Adams              Dalton Prout             Kevin Klein              

Goaltenders
Starting : Braden Holtby            
Backup : Andrew Hammond           

Extra Forwards
Normal : Jamie Benn, Carl Hagelin, Dustin Brown - PP : Brandon Pirri, Jamie Benn - PK : Craig Adams
Extra Defensemen
Normal : Erik Karlsson, Kevin Klein, Travis Hamonic - PP : Erik Karlsson - PK : Kevin Klein, Dalton Prout
Penalty Shots
Brandon Pirri, Frans Nielsen, Tyler Ennis, Dustin Brown, Erik Karlsson

% Time on Ice - Bruins

Lines # - Real PCT - Wanted PCT - Time Play
Normal Forward
1 - 33% - 35% - 14:28
2 - 30% - 30% - 13:10
3 - 22% - 22% - 9:48
4 - 16% - 13% - 7:00
Normal Defense
1 - 37% - 40% - 16:20
2 - 34% - 30% - 14:54
3 - 19% - 20% - 8:24
4 - 11% - 10% - 4:48
PP Forward
1 - 56% - 60% - 3:55
2 - 44% - 40% - 3:08
PP Defense
1 - 76% - 60% - 5:23
2 - 24% - 40% - 1:40
PK Forward
1 - 78% - 60% - 6:37
2 - 22% - 40% - 1:54
PK Defense
1 - 82% - 60% - 6:57
2 - 18% - 40% - 1:34
PK3 Forward
1 - 0% - 60%
2 - 0% - 40%
PK3 Defense
1 - 0% - 60%
2 - 0% - 40%
44 Forward
1 - 0% - 60%
2 - 0% - 40%
44 Defense
1 - 0% - 60%
2 - 0% - 40%
Last Minute Offensive  - 0:00
Last Minute Defensive  - 0:00
Total
Forward - 60:00
Defense - 60:00

% Time on Ice - Islanders

Lines # - Real PCT - Wanted PCT - Time Play
Normal Forward
1 - 31% - 35% - 13:46
2 - 30% - 30% - 13:13
3 - 24% - 22% - 10:33
4 - 16% - 13% - 6:54
Normal Defense
1 - 24% - 35% - 10:39
2 - 45% - 30% - 19:49
3 - 14% - 22% - 6:22
4 - 17% - 13% - 7:36
PP Forward
1 - 57% - 60% - 4:49
2 - 43% - 40% - 3:42
PP Defense
1 - 85% - 60% - 7:15
2 - 15% - 40% - 1:16
PK Forward
1 - 92% - 60% - 6:31
2 - 8% - 40% - 0:32
PK Defense
1 - 46% - 50% - 3:16
2 - 54% - 50% - 3:47
PK3 Forward
1 - 0% - 60%
2 - 0% - 40%
PK3 Defense
1 - 0% - 50%
2 - 0% - 50%
44 Forward
1 - 0% - 60%
2 - 0% - 40%
44 Defense
1 - 0% - 60%
2 - 0% - 40%
Last Minute Offensive  - 0:00
Last Minute Defensive  - 0:00
Total
Forward - 60:00
Defense - 60:00

Play by Play

1st period


0:01 of 1st period - David Krejci wins face-off versus Claude Giroux in neutral zone.
0:30 of 1st period - Snap shot by Marian Hossa.
0:30 of 1st period - Shot Blocked by Kevin Klein.
0:32 of 1st period - Slapshot by Shea Weber.
0:32 of 1st period - Shot Misses the Net.
2:10 of 1st period - Jeff Petry is hit by Travis Hamonic and loses puck.
3:23 of 1st period - Backhand shot by Jamie Benn.
3:23 of 1st period - Stopped by Cam Talbot with a rebound.
3:43 of 1st period - Slapshot by Erik Karlsson.
3:43 of 1st period - Deflect By Frans Nielsen.
3:43 of 1st period - Shot Blocked by Jonas Brodin.
3:43 of 1st period - Puck is out of play.
3:44 of 1st period - Claude Giroux wins face-off versus Frans Nielsen in Bruins zone.
3:55 of 1st period - Frans Nielsen is hit by Jeff Petry and loses puck.
4:02 of 1st period - Slapshot by Erik Karlsson.
4:02 of 1st period - Stopped by Cam Talbot with a rebound.
4:10 of 1st period - Minor Penalty to Brenden Dillon for Interference.
4:11 of 1st period - David Krejci wins face-off versus Zemgus Girgensons in Bruins zone.
4:12 of 1st period - Wrist shot by Jamie Benn.
4:12 of 1st period - Shot Blocked by Jeff Petry.
4:14 of 1st period - Slapshot by Erik Karlsson.
4:14 of 1st period - Shot Blocked by Nick Holden.
4:20 of 1st period - Slapshot by Erik Karlsson.
4:20 of 1st period - Goal by Erik Karlsson - Bruins : 0 - Islanders : 1.
4:21 of 1st period - David Krejci wins face-off versus Claude Giroux in neutral zone.
4:52 of 1st period - Wrist shot by David Krejci.
4:52 of 1st period - Shot Misses the Net.
4:54 of 1st period - Snap shot by Carl Hagelin.
4:54 of 1st period - Stopped by Cam Talbot with a rebound.
4:56 of 1st period - Wrist shot by Carl Hagelin.
4:56 of 1st period - Stopped by Cam Talbot without a rebound.
4:57 of 1st period - Marcel Goc wins face-off versus Anze Kopitar in Bruins zone.
5:03 of 1st period - Off-side.
5:04 of 1st period - Marcel Goc wins face-off versus Anze Kopitar in neutral zone.
5:13 of 1st period - Dustin Brown is hit by Anze Kopitar and loses puck.
5:33 of 1st period - Off-side.
5:34 of 1st period - Claude Giroux wins face-off versus Frans Nielsen in neutral zone.
6:40 of 1st period - Backhand shot by Jamie Benn.
6:40 of 1st period - Shot Misses the Net.
6:42 of 1st period - Wrist shot by Dalton Prout.
6:42 of 1st period - Deflect By Tommy Wingels.
6:42 of 1st period - Stopped by Cam Talbot without a rebound.
6:43 of 1st period - David Krejci wins face-off versus Zemgus Girgensons in Bruins zone.
7:32 of 1st period - Minor Penalty to Brenden Dillon for Tripping.
7:33 of 1st period - Tyler Ennis wins face-off versus Zemgus Girgensons in Bruins zone.
7:34 of 1st period - Slapshot by Erik Karlsson.
7:34 of 1st period - Deflect By Tyler Ennis.
7:34 of 1st period - Stopped by Cam Talbot with a rebound.
7:40 of 1st period - Slapshot by Jonas Brodin.
7:40 of 1st period - Shot Misses the Net.
8:16 of 1st period - Olli Maatta is hit by Zemgus Girgensons.
8:17 of 1st period - Olli Maatta from Islanders is injured at 8:17 of 1st period (Right Leg).
8:18 of 1st period - Zemgus Girgensons wins face-off versus David Krejci in Islanders zone.
8:33 of 1st period - Wrist shot by Matt Hendricks.
8:33 of 1st period - Stopped by Braden Holtby with a rebound.
9:32 of 1st period - Penalty to Brenden Dillon is over, Brenden Dillon is back on ice.
10:16 of 1st period - Snap shot by Claude Giroux.
10:16 of 1st period - Shot Misses the Net.
10:23 of 1st period - Off-side.
10:24 of 1st period - Matt Duchene wins face-off versus Patrik Berglund in neutral zone.
10:26 of 1st period - Minor Penalty to Shea Weber for Holding.
10:27 of 1st period - David Krejci wins face-off versus Zemgus Girgensons in Bruins zone.
11:15 of 1st period - Carl Hagelin is hit by Matt Hendricks and loses puck.
12:08 of 1st period - Off-side.
12:09 of 1st period - David Krejci wins face-off versus Zemgus Girgensons in neutral zone.
12:18 of 1st period - Slapshot by David Krejci.
12:18 of 1st period - Goal by David Krejci - Bruins : 0 - Islanders : 2.
12:19 of 1st period - Marcel Goc wins face-off versus Claude Giroux in neutral zone.
12:21 of 1st period - Off-side.
12:22 of 1st period - Marcel Goc wins face-off versus Claude Giroux in neutral zone.
12:56 of 1st period - Travis Hamonic is hit by Claude Giroux and loses puck.
13:14 of 1st period - David Booth is hit by Tommy Wingels and loses puck.
13:19 of 1st period - Slapshot by Matt Duchene.
13:19 of 1st period - Shot Blocked by Kevin Klein.
13:21 of 1st period - Wrist shot by Anton Lander.
13:21 of 1st period - Stopped by Braden Holtby with a rebound.
13:23 of 1st period - Snap shot by Tommy Wingels.
13:23 of 1st period - Shot Misses the Net.
13:56 of 1st period - Snap shot by T.J. Oshie.
13:56 of 1st period - Deflect By Zemgus Girgensons.
13:56 of 1st period - Stopped by Braden Holtby with a rebound.
13:58 of 1st period - Snap shot by T.J. Oshie.
13:58 of 1st period - Stopped by Braden Holtby with a rebound.
14:00 of 1st period - Wrist shot by T.J. Oshie.
14:00 of 1st period - Shot Hit the Post.
14:02 of 1st period - Wrist shot by Zemgus Girgensons.
14:02 of 1st period - Stopped by Braden Holtby with a rebound.
14:40 of 1st period - Wrist shot by Tommy Wingels.
14:40 of 1st period - Shot Misses the Net.
14:42 of 1st period - Wrist shot by Matt Hendricks.
14:42 of 1st period - Shot Misses the Net.
15:00 of 1st period - Snap shot by Tyler Ennis.
15:00 of 1st period - Shot Misses the Net.
15:02 of 1st period - Snap shot by Frans Nielsen.
15:02 of 1st period - Shot Hit the Post.
15:04 of 1st period - Backhand shot by Frans Nielsen.
15:04 of 1st period - Stopped by Cam Talbot without a rebound.
15:05 of 1st period - Patrik Berglund wins face-off versus Claude Giroux in Bruins zone.
16:05 of 1st period - Jamie Benn is hit by Tommy Wingels and loses puck.
16:44 of 1st period - Joe Pavelski is hit by Travis Hamonic and loses puck.
16:53 of 1st period - Wrist shot by Claude Giroux.
16:53 of 1st period - Shot Blocked by Brandon Pirri.
18:45 of 1st period - Snap shot by Tyler Ennis.
18:45 of 1st period - Shot Misses the Net.
18:47 of 1st period - Slapshot by Mirco Mueller.
18:47 of 1st period - Stopped by Cam Talbot without a rebound.
18:48 of 1st period - Anze Kopitar wins face-off versus Frans Nielsen in Bruins zone.
18:54 of 1st period - Off-side.
18:55 of 1st period - Jamie Benn wins face-off versus Anze Kopitar in neutral zone.
19:28 of 1st period - Double Minor Penalty to Zemgus Girgensons for Roughing.
19:29 of 1st period - David Krejci wins face-off versus Anton Lander in Bruins zone.
Goals for this period are 0 for Bruins vs 2 for Islanders.
Shots for this period are 5 for Bruins vs 10 for Islanders.

2nd period


0:01 of 2nd period - Brandon Pirri wins face-off versus Anton Lander in neutral zone.
0:55 of 2nd period - Anze Kopitar is hit by Erik Karlsson and loses puck.
1:14 of 2nd period - Patrik Berglund is hit by Brent Seabrook and loses puck.
1:25 of 2nd period - Jonas Brodin is hit by Patrik Berglund and loses puck.
2:03 of 2nd period - Brent Seabrook is hit by Carl Hagelin and loses puck.
2:28 of 2nd period - Brent Seabrook is hit by Jamie Benn and loses puck.
2:35 of 2nd period - Snap shot by David Krejci.
2:35 of 2nd period - Stopped by Cam Talbot with a rebound.
3:12 of 2nd period - Slapshot by Brandon Pirri.
3:12 of 2nd period - Stopped by Cam Talbot without a rebound.
3:13 of 2nd period - David Krejci wins face-off versus Anze Kopitar in Bruins zone.
3:20 of 2nd period - Wrist shot by David Krejci.
3:20 of 2nd period - Stopped by Cam Talbot without a rebound.
3:21 of 2nd period - Anze Kopitar wins face-off versus Brandon Pirri in Bruins zone.
3:21 of 2nd period - Anze Kopitar is hit by Jamie Benn.
3:28 of 2nd period - Penalty to Zemgus Girgensons is over, Zemgus Girgensons is back on ice.
3:43 of 2nd period - Slapshot by Tyler Ennis.
3:43 of 2nd period - Shot Blocked by Jeff Petry.
3:45 of 2nd period - Slapshot by Travis Hamonic.
3:45 of 2nd period - Shot Blocked by Anze Kopitar.
4:01 of 2nd period - Claude Giroux is hit by Marcel Goc and loses puck.
4:08 of 2nd period - Wrist shot by Dustin Brown.
4:08 of 2nd period - Shot Misses the Net.
4:10 of 2nd period - Backhand shot by David Booth.
4:10 of 2nd period - Stopped by Cam Talbot with a rebound.
4:12 of 2nd period - Slapshot by Dalton Prout.
4:12 of 2nd period - Stopped by Cam Talbot with a rebound.
4:14 of 2nd period - Snap shot by Dalton Prout.
4:14 of 2nd period - Shot Blocked by Jeff Petry.
4:16 of 2nd period - Snap shot by Dustin Brown.
4:16 of 2nd period - Shot Misses the Net.
4:18 of 2nd period - Wrist shot by Dustin Brown.
4:18 of 2nd period - Shot Blocked by Brenden Dillon.
4:20 of 2nd period - Snap shot by Dustin Brown.
4:20 of 2nd period - Shot Blocked by Brenden Dillon.
4:22 of 2nd period - Snap shot by Dalton Prout.
4:22 of 2nd period - Deflect By Joe Pavelski.
4:22 of 2nd period - Stopped by Cam Talbot with a rebound.
4:24 of 2nd period - Slapshot by Erik Karlsson.
4:24 of 2nd period - Stopped by Cam Talbot with a rebound.
4:26 of 2nd period - Snap shot by Dustin Brown.
4:26 of 2nd period - Shot Blocked by Jeff Petry.
5:43 of 2nd period - T.J. Oshie is hit by Erik Karlsson and loses puck.
6:28 of 2nd period - Wrist shot by Tommy Wingels.
6:28 of 2nd period - Stopped by Braden Holtby with a rebound.
6:50 of 2nd period - Slapshot by Erik Karlsson.
6:50 of 2nd period - Deflect By Brenden Dillon.
6:50 of 2nd period - Stopped by Cam Talbot without a rebound.
6:51 of 2nd period - Frans Nielsen wins face-off versus Matt Duchene in Bruins zone.
7:26 of 2nd period - Slapshot by Erik Karlsson.
7:26 of 2nd period - Shot Blocked by Jonas Brodin.
7:49 of 2nd period - Wrist shot by T.J. Oshie.
7:49 of 2nd period - Stopped by Braden Holtby without a rebound.
7:50 of 2nd period - Anze Kopitar wins face-off versus David Krejci in Islanders zone.
8:03 of 2nd period - Wrist shot by T.J. Oshie.
8:03 of 2nd period - Shot Blocked by Carl Hagelin.
8:05 of 2nd period - Slapshot by Brent Seabrook.
8:05 of 2nd period - Stopped by Braden Holtby with a rebound.
8:07 of 2nd period - Slapshot by Shea Weber.
8:07 of 2nd period - Stopped by Braden Holtby without a rebound.
8:08 of 2nd period - Jim Slater wins face-off versus Frans Nielsen in Islanders zone.
8:30 of 2nd period - Minor Penalty to Dalton Prout for Tripping.
8:31 of 2nd period - Frans Nielsen wins face-off versus Claude Giroux in Islanders zone.
9:39 of 2nd period - Snap shot by Frans Nielsen.
9:39 of 2nd period - Deflect By Craig Adams.
9:39 of 2nd period - Shot Blocked by Anze Kopitar.
9:39 of 2nd period - Puck is out of play.
9:40 of 2nd period - Claude Giroux wins face-off versus Frans Nielsen in Bruins zone.
10:08 of 2nd period - David Booth is hit by Matt Duchene and loses puck.
10:30 of 2nd period - Penalty to Dalton Prout is over, Dalton Prout is back on ice.
11:07 of 2nd period - Snap shot by Jeff Petry.
11:07 of 2nd period - Shot Blocked by Dalton Prout.
11:09 of 2nd period - Wrist shot by Tommy Wingels.
11:09 of 2nd period - Stopped by Braden Holtby with a rebound.
11:11 of 2nd period - Slapshot by Brenden Dillon.
11:11 of 2nd period - Stopped by Braden Holtby with a rebound.
11:56 of 2nd period - Snap shot by Matt Duchene.
11:56 of 2nd period - Shot Misses the Net.
14:38 of 2nd period - Icing by Lauri Korpikoski.
14:39 of 2nd period - Lauri Korpikoski wins face-off versus Claude Giroux in Islanders zone.
14:39 of 2nd period - Lauri Korpikoski is hit by Joe Pavelski.
14:51 of 2nd period - Jeff Petry is hit by Craig Adams and loses puck.
15:41 of 2nd period - Nick Holden is hit by Dalton Prout.
16:17 of 2nd period - Marcel Goc is hit by Tommy Wingels and loses puck.
16:24 of 2nd period - Wrist shot by Tommy Wingels.
16:24 of 2nd period - Stopped by Braden Holtby with a rebound.
Goals for this period are 0 for Bruins vs 0 for Islanders.
Shots for this period are 7 for Bruins vs 8 for Islanders.

3rd period


0:01 of 3rd period - Anze Kopitar wins face-off versus David Krejci in neutral zone.
0:06 of 3rd period - Snap shot by Anze Kopitar.
0:06 of 3rd period - Shot Blocked by Kevin Klein.
0:08 of 3rd period - Snap shot by Zemgus Girgensons.
0:08 of 3rd period - Shot Misses the Net.
0:10 of 3rd period - Slapshot by Shea Weber.
0:10 of 3rd period - Shot Blocked by Erik Karlsson.
0:17 of 3rd period - Snap shot by Zemgus Girgensons.
0:17 of 3rd period - Shot Blocked by Carl Hagelin.
0:26 of 3rd period - Off-side.
0:27 of 3rd period - Claude Giroux wins face-off versus Frans Nielsen in neutral zone.
0:42 of 3rd period - Mirco Mueller is hit by Joe Pavelski and loses puck.
0:55 of 3rd period - Wrist shot by Brandon Pirri.
0:55 of 3rd period - Shot Blocked by Marian Hossa.
0:57 of 3rd period - Wrist shot by Dalton Prout.
0:57 of 3rd period - Shot Misses the Net.
0:59 of 3rd period - Snap shot by Frans Nielsen.
0:59 of 3rd period - Goal by Frans Nielsen - Bruins : 0 - Islanders : 3.
1:00 of 3rd period - Anze Kopitar wins face-off versus David Krejci in neutral zone.
1:03 of 3rd period - Jamie Benn is hit by T.J. Oshie and loses puck.
1:12 of 3rd period - Slapshot by Kevin Klein.
1:12 of 3rd period - Deflect By Shea Weber.
1:12 of 3rd period - Stopped by Cam Talbot with a rebound.
1:14 of 3rd period - Slapshot by Kevin Klein.
1:14 of 3rd period - Stopped by Cam Talbot without a rebound.
1:15 of 3rd period - David Krejci wins face-off versus Anze Kopitar in Bruins zone.
1:22 of 3rd period - Wrist shot by T.J. Oshie.
1:22 of 3rd period - Stopped by Braden Holtby with a rebound.
1:28 of 3rd period - Slapshot by Erik Karlsson.
1:28 of 3rd period - Deflect By Jamie Benn.
1:28 of 3rd period - Shot Blocked by Shea Weber.
1:28 of 3rd period - Puck is out of play.
1:29 of 3rd period - Frans Nielsen wins face-off versus Claude Giroux in Bruins zone.
1:32 of 3rd period - Snap shot by Erik Karlsson.
1:32 of 3rd period - Stopped by Cam Talbot with a rebound.
2:01 of 3rd period - Icing by Kevin Klein.
2:02 of 3rd period - Frans Nielsen wins face-off versus Anze Kopitar in Islanders zone.
3:24 of 3rd period - Slapshot by Jamie Benn.
3:24 of 3rd period - Stopped by Cam Talbot without a rebound.
3:25 of 3rd period - Marcel Goc wins face-off versus Claude Giroux in Bruins zone.
3:40 of 3rd period - Wrist shot by Dustin Brown.
3:40 of 3rd period - Stopped by Cam Talbot without a rebound.
3:41 of 3rd period - Marcel Goc wins face-off versus Claude Giroux in Bruins zone.
3:50 of 3rd period - Snap shot by Erik Karlsson.
3:50 of 3rd period - Deflect By Dustin Brown.
3:50 of 3rd period - Shot Misses the Net.
3:50 of 3rd period - Puck is out of play.
3:51 of 3rd period - Anze Kopitar wins face-off versus David Krejci in Bruins zone.
4:04 of 3rd period - T.J. Oshie is hit by David Krejci and loses puck.
4:51 of 3rd period - Slapshot by Dustin Brown.
4:51 of 3rd period - Shot Misses the Net.
4:57 of 3rd period - David Booth is hit by Claude Giroux and loses puck.
5:02 of 3rd period - Snap shot by Joe Pavelski.
5:02 of 3rd period - Shot Misses the Net.
5:22 of 3rd period - Kevin Klein is hit by Claude Giroux and loses puck.
5:31 of 3rd period - Marian Hossa is hit by Tyler Ennis and loses puck.
5:36 of 3rd period - Wrist shot by Tyler Ennis.
5:36 of 3rd period - Stopped by Cam Talbot without a rebound.
5:37 of 3rd period - Patrik Berglund wins face-off versus Tommy Wingels in Bruins zone.
5:48 of 3rd period - Icing by Patrik Berglund.
5:49 of 3rd period - Matt Duchene wins face-off versus Patrik Berglund in Islanders zone.
5:50 of 3rd period - Snap shot by Anton Lander.
5:50 of 3rd period - Stopped by Braden Holtby without a rebound.
5:51 of 3rd period - Matt Duchene wins face-off versus Patrik Berglund in Islanders zone.
6:13 of 3rd period - Jeff Petry is hit by Craig Adams and loses puck.
6:40 of 3rd period - Off-side.
6:41 of 3rd period - Jamie Benn wins face-off versus Anze Kopitar in neutral zone.
6:44 of 3rd period - Snap shot by Erik Karlsson.
6:44 of 3rd period - Shot Blocked by Shea Weber.
6:46 of 3rd period - Slapshot by Kevin Klein.
6:46 of 3rd period - Stopped by Cam Talbot without a rebound.
6:47 of 3rd period - Anze Kopitar wins face-off versus Carl Hagelin in Bruins zone.
6:49 of 3rd period - Minor Penalty to T.J. Oshie for Tripping.
6:50 of 3rd period - David Krejci wins face-off versus Zemgus Girgensons in Bruins zone.
7:14 of 3rd period - Snap shot by Brandon Pirri.
7:14 of 3rd period - Stopped by Cam Talbot with a rebound.
7:16 of 3rd period - Backhand shot by Erik Karlsson.
7:16 of 3rd period - Shot Misses the Net.
7:18 of 3rd period - Snap shot by Brandon Pirri.
7:18 of 3rd period - Shot Blocked by Matt Hendricks.
7:20 of 3rd period - Slapshot by Brandon Pirri.
7:20 of 3rd period - Goal by Brandon Pirri - Bruins : 0 - Islanders : 4.
7:21 of 3rd period - Marcel Goc wins face-off versus Claude Giroux in neutral zone.
7:38 of 3rd period - Snap shot by Joe Pavelski.
7:38 of 3rd period - Stopped by Braden Holtby without a rebound.
7:39 of 3rd period - Claude Giroux wins face-off versus Marcel Goc in Islanders zone.
7:49 of 3rd period - Minor Penalty to Kevin Klein for Holding.
7:50 of 3rd period - Claude Giroux wins face-off versus Frans Nielsen in Islanders zone.
8:02 of 3rd period - Dalton Prout is hit by Shea Weber and loses puck.
8:09 of 3rd period - Snap shot by Joe Pavelski.
8:09 of 3rd period - Shot Misses the Net.
8:47 of 3rd period - Snap shot by T.J. Oshie.
8:47 of 3rd period - Deflect By Craig Adams.
8:47 of 3rd period - Shot Blocked by Frans Nielsen.
8:47 of 3rd period - Puck is out of play.
8:48 of 3rd period - Joe Pavelski wins face-off versus Frans Nielsen in Islanders zone.
8:49 of 3rd period - Snap shot by Anze Kopitar.
8:49 of 3rd period - Shot Misses the Net.
8:51 of 3rd period - Snap shot by T.J. Oshie.
8:51 of 3rd period - Shot Misses the Net.
8:53 of 3rd period - Slapshot by Shea Weber.
8:53 of 3rd period - Shot Misses the Net.
8:55 of 3rd period - Snap shot by Joe Pavelski.
8:55 of 3rd period - Goal by Joe Pavelski - Bruins : 1 - Islanders : 4.
8:56 of 3rd period - Anze Kopitar wins face-off versus David Krejci in neutral zone.
9:01 of 3rd period - Snap shot by Anze Kopitar.
9:01 of 3rd period - Shot Misses the Net.
9:03 of 3rd period - Slapshot by Zemgus Girgensons.
9:03 of 3rd period - Shot Misses the Net.
9:05 of 3rd period - Snap shot by Zemgus Girgensons.
9:05 of 3rd period - Stopped by Braden Holtby without a rebound.
9:06 of 3rd period - Anze Kopitar wins face-off versus David Krejci in Islanders zone.
9:07 of 3rd period - Slapshot by T.J. Oshie.
9:07 of 3rd period - Shot Hit the Post.
9:09 of 3rd period - Minor Penalty to Carl Hagelin for Diving.
9:10 of 3rd period - Claude Giroux wins face-off versus Frans Nielsen in Islanders zone.
9:11 of 3rd period - Snap shot by Marian Hossa.
9:11 of 3rd period - Shot Blocked by Kevin Klein.
9:15 of 3rd period - Snap shot by Claude Giroux.
9:15 of 3rd period - Stopped by Braden Holtby without a rebound.
9:16 of 3rd period - Frans Nielsen wins face-off versus Claude Giroux in Islanders zone.
9:38 of 3rd period - Wrist shot by Claude Giroux.
9:38 of 3rd period - Stopped by Braden Holtby without a rebound.
9:39 of 3rd period - Anze Kopitar wins face-off versus Frans Nielsen in Islanders zone.
9:40 of 3rd period - Snap shot by Joe Pavelski.
9:40 of 3rd period - Shot Misses the Net.
9:42 of 3rd period - Slapshot by Brent Seabrook.
9:42 of 3rd period - Deflect By Anze Kopitar.
9:42 of 3rd period - Stopped by Braden Holtby with a rebound.
9:44 of 3rd period - Slapshot by Shea Weber.
9:44 of 3rd period - Stopped by Braden Holtby with a rebound.
9:46 of 3rd period - Snap shot by Shea Weber.
9:46 of 3rd period - Deflect By Dalton Prout.
9:46 of 3rd period - Stopped by Braden Holtby without a rebound.
9:47 of 3rd period - Frans Nielsen wins face-off versus Anze Kopitar in Islanders zone.
9:55 of 3rd period - Off-side.
9:56 of 3rd period - Anze Kopitar wins face-off versus Frans Nielsen in neutral zone.
10:21 of 3rd period - Off-side.
10:22 of 3rd period - Frans Nielsen wins face-off versus Claude Giroux in neutral zone.
10:37 of 3rd period - Dalton Prout is hit by Claude Giroux and loses puck.
11:09 of 3rd period - Penalty to Carl Hagelin is over, Carl Hagelin is back on ice.
12:15 of 3rd period - Minor Penalty to Erik Karlsson for High sticking.
12:16 of 3rd period - Frans Nielsen wins face-off versus Claude Giroux in Islanders zone.
13:19 of 3rd period - Matt Duchene is hit by Dalton Prout and loses puck.
13:48 of 3rd period - Kevin Klein is hit by Joe Pavelski and loses puck.
13:59 of 3rd period - Snap shot by Joe Pavelski.
13:59 of 3rd period - Shot Blocked by Mirco Mueller.
14:15 of 3rd period - Penalty to Erik Karlsson is over, Erik Karlsson is back on ice.
14:20 of 3rd period - Jonas Brodin is hit by Kevin Klein and loses puck.
14:37 of 3rd period - Snap shot by Jim Slater.
14:37 of 3rd period - Shot Misses the Net.
15:53 of 3rd period - Backhand shot by Anze Kopitar.
15:53 of 3rd period - Stopped by Braden Holtby with a rebound.
16:16 of 3rd period - Snap shot by Claude Giroux.
16:16 of 3rd period - Stopped by Braden Holtby with a rebound.
16:18 of 3rd period - Slapshot by Nick Holden.
16:18 of 3rd period - Shot Misses the Net.
16:20 of 3rd period - Slapshot by Nick Holden.
16:20 of 3rd period - Deflect By Claude Giroux.
16:20 of 3rd period - Shot Misses the Net.
16:20 of 3rd period - Puck is out of play.
16:21 of 3rd period - David Krejci wins face-off versus Claude Giroux in Islanders zone.
17:23 of 3rd period - Tommy Wingels is hit by Dustin Brown and loses puck.
17:52 of 3rd period - Off-side.
17:53 of 3rd period - David Krejci wins face-off versus Anze Kopitar in neutral zone.
17:56 of 3rd period - Slapshot by Erik Karlsson.
17:56 of 3rd period - Shot Blocked by Brenden Dillon.
18:02 of 3rd period - T.J. Oshie is hit by Jamie Benn and loses puck.
18:23 of 3rd period - Slapshot by Jeff Petry.
18:23 of 3rd period - Shot Blocked by David Krejci.
18:25 of 3rd period - Slapshot by Jim Slater.
18:25 of 3rd period - Stopped by Braden Holtby with a rebound.
18:27 of 3rd period - Snap shot by Tommy Wingels.
18:27 of 3rd period - Shot Misses the Net.
18:31 of 3rd period - Snap shot by Matt Hendricks.
18:31 of 3rd period - Shot Blocked by Erik Karlsson.
19:32 of 3rd period - Brent Seabrook is hit by Kevin Klein and loses puck.
19:55 of 3rd period - Snap shot by Dustin Brown.
19:55 of 3rd period - Shot Blocked by Shea Weber.
Goals for this period are 1 for Bruins vs 2 for Islanders.
Shots for this period are 13 for Bruins vs 10 for Islanders.